Map: Cactus Valley LE (Void)

Players

Shamanas

  • Race: Terran Terran

Comadiroma - Winner!

  • Race: Zerg Zerg

VOD

Have the link to the VOD?

Description

Time

  • Played on: May 2, 2015, 2:26 p.m.
  • Length: 11:13
Show
View Real Time Build Order
Export as new Build Order

Shamanas Terran 

Build Orders: Reaper Expand, Mech 

Get SALT Encoding   

  12  0:01  SCV  
  13  0:13  SCV  
  14  0:21  Supply Depot  
  14  0:25  SCV  
  16  0:42  SCV  
  16  0:44  Refinery  
  16  0:45  Barracks  
  16  0:55  SCV  
  17  1:07  SCV  
  18  1:19  SCV  
  19  1:32  Orbital Command  
  19  1:33  Reaper  
  20  1:48  Command Center  
  20  1:58  Supply Depot  
  20  2:01  SCV  
  21  2:05  Barracks Reactor  
  21  2:13  SCV  
  22  2:22  Factory  
  22  2:25  SCV  
  22  2:27  Refinery  
  23  2:37  SCV  
  24  2:48  Marine x2  
  24  2:49  SCV  
  26  3:00  Orbital Command  
  26  3:02  SCV  
  26  3:03  Bunker  
  27  3:06  Factory Tech Lab  
  27  3:07  Marine x2  
  27  3:12  Factory  
  29  3:19  SCV  
  29  3:27  SCV  
  29  3:31  SCV  
  29  3:34  Marine x2  
  31  3:35  Supply Depot, Cyclone  
  36  3:44  SCV x2  
  38  3:49  Supply Depot  
  38  4:02  Armory  
  38  4:03  SCV x2  
  38  4:04  Hellion x2  
  44  4:15  SCV x2  
  46  4:26  Command Center  
  46  4:27  SCV x2  
  48  4:37  Hellion  
  48  4:38  Hellion  
  52  4:39  Cyclone  
  52  4:43  SCV x2, Supply Depot  
  57  4:55  SCV  
  57  5:04  Hellion x2  
  57  5:05  SCV  
  57  5:06  Terran Vehicle and Ship Weapons Level 1  
  55  5:07  SCV  
  55  5:10  Factory  
  55  5:11  Refinery  
  55  5:12  Refinery  
  53  5:19  SCV x2  
  55  5:24  Starport  
  55  5:27  Missile Turret  
  53  5:30  Missile Turret  
  53  5:33  Hellion x2  
  57  5:42  Orbital Command  
  57  5:43  Missile Turret  
  57  5:46  Missile Turret  
  57  5:47  Thor  
  57  5:48  SCV  
  63  5:54  Missile Turret  
  63  5:55  SCV  
  63  6:03  Missile Turret  
  63  6:10  Factory Tech Lab, Starport Reactor  
  63  6:11  Missile Turret  
  63  6:14  Hellion x2  
  63  6:18  SCV x3  
  70  6:29  Thor  
  76  6:38  Thor  
  82  6:43  Barracks  
  82  6:55  Orbital Command  
  82  7:03  Hellbat x2  
  82  7:10  Supply Depot  
  82  7:12  SCV x2  
  82  7:15  Supply Depot  
  84  7:16  Engineering Bay  
  84  7:21  SCV  
  84  7:22  Thor  
  85  7:27  SCV  
  85  7:31  Thor, Viking  
  85  7:33  SCV  
  85  7:36  SCV  
  85  7:37  Viking  
  95  7:44  Hellbat x2  
  98  7:46  Infernal Pre-Igniter  
  98  7:49  SCV x3  
  101  7:56  Missile Turret x2  
  101  8:00  Supply Depot  
  101  8:01  Refinery  
  101  8:02  Supply Depot, Refinery  
  101  8:11  Hellbat  
  100  8:17  Missile Turret  
  100  8:20  Missile Turret x2  
  100  8:21  Thor, Missile Turret  
  106  8:30  Thor  
  110  8:37  Supply Depot  
  110  8:40  Factory  
  110  8:42  Factory  
  110  8:51  SCV  
  110  8:52  SCV x2  
  108  8:57  Hellbat x2  
  108  9:02  Viking x2  
  109  9:03  SCV  
  109  9:04  SCV  
  102  9:11  SCV  
  102  9:15  SCV  
  102  9:16  SCV  
  104  9:21  Hellbat x2  
  104  9:23  SCV  
  109  9:28  SCV x2  
  109  9:30  Cyclone  
  109  9:31  Cyclone  
  117  9:34  Factory Reactor  
  117  9:35  Factory Tech Lab  
  116  9:40  SCV x3  
  116  9:41  Starport  
  107  9:52  SCV x2  
  103  9:54  Hellbat x2  
  107  10:02  Missile Turret  
  107  10:07  Engineering Bay  
  107  10:13  Command Center, Missile Turret  
  107  10:14  Missile Turret  
  101  10:20  Siege Tank  
  91  10:22  Cyclone x2  
  91  10:23  Hellbat  
  91  10:25  SCV  
  75  10:31  Hellbat  
  75  10:32  Hellbat  
  61  10:36  SCV  
  49  11:01  Refinery, Starport Tech Lab  
  49  11:05  Refinery  
Show
View Real Time Build Order
Export as new Build Order

Comadiroma Zerg - Winner!

Build Orders: Hatch First 

Get SALT Encoding   

  12  0:01  Drone  
  13  0:12  Overlord  
  13  0:19  Drone  
  14  0:30  Drone  
  14  0:31  Drone  
  14  0:34  Drone  
  17  0:54  Hatchery  
  16  0:57  Drone  
  16  1:01  Drone  
  18  1:05  Extractor  
  18  1:09  Drone  
  18  1:20  Spawning Pool  
  18  1:24  Drone  
  18  1:32  Drone  
  19  1:41  Drone  
  20  1:49  Overlord  
  20  2:05  Drone  
  20  2:07  Queen  
  20  2:08  Queen  
  25  2:09  Metabolic Boost  
  25  2:13  Zergling x2  
  26  2:16  Zergling x2  
  27  2:24  Drone x2  
  27  2:28  Drone  
  30  2:39  Drone  
  30  2:42  Drone  
  32  2:48  Drone  
  32  2:59  Drone x2  
  32  3:00  Drone  
  32  3:02  Lair  
  32  3:04  Extractor  
  32  3:05  Drone, Extractor  
  34  3:12  Drone  
  35  3:15  Drone  
  36  3:20  Overlord  
  36  3:33  Overlord  
  35  3:43  Drone x2  
  35  3:44  Drone x6  
  43  3:50  Drone  
  43  3:52  Drone  
  43  3:54  Extractor  
  43  4:00  Drone  
  44  4:09  Drone x3, Spire, Overlord  
  46  4:12  Drone  
  46  4:13  Drone  
  46  4:14  Spine Crawler  
  46  4:15  Drone  
  48  4:20  Zergling x2  
  49  4:33  Zergling x2  
  49  4:34  Zergling x8  
  54  4:40  Zergling x8  
  54  4:41  Baneling Nest  
  57  4:47  Zergling x2  
  57  4:48  Zergling x4  
  57  4:52  Overlord  
  60  4:53  Overlord  
  58  5:05  Drone  
  58  5:06  Drone x3  
  60  5:10  Queen  
  60  5:13  Overlord  
  62  5:26  Mutalisk x5  
  71  5:38  Mutalisk  
  73  5:53  Mutalisk x4  
  81  6:01  Hatchery  
  81  6:03  Mutalisk x2  
  84  6:05  Overlord  
  84  6:19  Evolution Chamber, Roach Warren, Drone  
  84  6:20  Evolution Chamber, Queen  
  84  6:30  Mutalisk x2  
  84  6:31  Mutalisk  
  90  6:33  Drone x2  
  92  6:41  Overlord x2  
  90  7:20  Mutalisk  
  90  7:21  Mutalisk x6  
  97  7:28  Zergling x16  
  104  7:37  Extractor  
  104  7:40  Mutalisk x2  
  104  7:43  Overlord  
  103  7:46  Drone x3  
  103  7:47  Extractor  
  103  7:49  Drone  
  106  7:52  Hatchery  
  106  7:53  Extractor  
  106  7:56  Extractor  
  102  8:19  Overlord x3  
  100  8:20  Drone x4  
  100  8:21  Drone x2  
  100  8:22  Drone x6  
  110  8:40  Glial Reconstitution  
  110  8:42  Zerg Missile Weapons Level 1, Zerg Melee Weapons Level 1  
  110  8:43  Roach x5  
  109  9:00  Roach  
  109  9:01  Roach x7  
  117  9:07  Roach x3  
  121  9:17  Roach  
  121  9:18  Roach x4  
  131  9:26  Roach x4  
  139  9:35  Roach x3  
  139  9:36  Roach x2  
  149  9:58  Infestation Pit, Roach  
  150  10:00  Overlord x6  
  142  10:08  Mutalisk  
  142  10:09  Mutalisk x3  
  140  10:21  Roach x6  
  132  10:45  Roach x7  
  132  10:46  Roach x4  
  132  10:47  Drone x2  
  156  10:51  Drone x3  
Tags
 
Add a new tag
Caveats
  • Supply blocks, unpowered buildings, or Contaminate may cause inaccurate times.
  • Supply counts are checked every 10 seconds.